Map: Opérations galactiques EC

Players

Auniaut

  • Race: Zerg Zerg
  • League: Diamond

Worming - Winner!

  • Race: Zerg Zerg
  • League: Diamond

VOD

Have the link to the VOD?

Description

Time

  • Played on: Sept. 6, 2016, 3:22 p.m.
  • Length: 13:27
Show
View Real Time Build Order
Export as new Build Order

Auniaut Zerg 

Build Orders: Hatch First, Lurkers 

Get SALT Encoding   

  12  0:01  Drone  
  13  0:12  Drone  
  14  0:19  Overlord  
  14  0:23  Extractor  
  14  0:27  Drone  
  15  0:37  Drone  
  15  0:38  Drone  
  17  0:57  Hatchery  
  17  1:03  Drone  
  17  1:11  Spawning Pool  
  16  1:21  Extractor  
  16  1:22  Drone x2  
  16  1:23  Drone  
  18  1:33  Drone  
  19  1:47  Overlord  
  19  2:04  Queen  
  19  2:05  Zergling x4  
  23  2:09  Queen  
  23  2:11  Drone  
  26  2:20  Metabolic Boost  
  26  2:29  Drone x3  
  29  2:38  Drone x2  
  29  2:43  Drone, Roach Warren  
  31  2:51  Queen  
  33  3:01  Drone x2  
  33  3:02  Overlord  
  35  3:14  Drone  
  36  3:20  Drone x2  
  36  3:21  Drone x4  
  36  3:23  Evolution Chamber  
  41  3:29  Overlord  
  41  3:37  Lair  
  41  3:39  Drone, Extractor  
  41  3:40  Evolution Chamber  
  40  3:49  Zerg Missile Weapons Level 1  
  40  4:00  Drone  
  40  4:04  Extractor  
  40  4:06  Drone x3  
  40  4:08  Drone x2  
  40  4:09  Drone  
  45  4:17  Drone x3  
  47  4:21  Drone x2  
  50  4:24  Drone  
  50  4:26  Overlord x2  
  51  4:39  Overlord x2  
  51  4:48  Roach x5  
  57  5:12  Roach  
  57  5:13  Roach x4  
  66  5:15  Glial Reconstitution  
  66  5:23  Roach x3  
  66  5:24  Roach x2  
  78  5:42  Roach  
  78  5:43  Roach x2  
  82  5:50  Overlord  
  82  5:55  Roach  
  82  5:56  Overlord x2  
  84  5:59  Hatchery  
  83  6:11  Zerg Missile Weapons Level 2  
  83  6:14  Zergling x8  
  83  6:15  Zergling x2  
  88  6:37  Extractor  
  88  6:39  Drone x2  
  89  6:40  Drone x2  
  91  6:47  Zergling x12  
  91  6:53  Hatchery  
  96  6:57  Hydralisk Den  
  95  7:06  Drone x5  
  100  7:15  Ravager  
  101  7:16  Ravager x3  
  101  7:17  Roach x5  
  114  7:26  Overlord  
  114  7:27  Overlord x2  
  114  7:31  Overlord  
  114  7:32  Overlord x2  
  114  7:44  Queen x2  
  114  7:50  Drone  
  114  7:51  Drone x2  
  121  7:52  Roach x4  
  121  7:55  Zerg Ground Armor Level 1  
  129  8:00  Overseer  
  129  8:02  Zergling x2  
  129  8:03  Zergling x12  
  136  8:10  Lurker Den  
  136  8:15  Roach  
  136  8:17  Overlord x2  
  138  8:34  Roach x6  
  144  8:50  Roach x5  
  144  8:54  Drone x2  
  144  8:55  Drone, Extractor x2  
  149  9:03  Roach x3  
  149  9:04  Roach x2  
  149  9:27  Zergling x2, Roach x4  
  149  9:28  Zergling x2  
  149  9:29  Overlord  
  149  9:30  Overlord x5  
  159  9:47  Roach  
  159  9:48  Roach x6  
  159  9:49  Roach x2  
  174  9:55  Hydralisk  
  174  9:56  Hydralisk x3  
  174  9:59  Overseer  
  181  10:42  Hatchery  
  180  10:52  Lurker x4  
  180  10:56  Hatchery  
  183  10:57  Overlord x3  
  183  11:14  Ravager x5  
  178  11:36  Roach x4, Hydralisk x2  
  147  12:12  Roach  
  147  12:13  Roach x7  
  150  12:42  Queen  
  152  12:47  Hydralisk  
  152  12:48  Hydralisk x7  
Show
View Real Time Build Order
Export as new Build Order

Worming Zerg - Winner!

Build Orders: Hatch First, Lurkers 

Get SALT Encoding   

  12  0:02  Drone  
  13  0:13  Overlord  
  13  0:20  Drone  
  14  0:31  Drone x2  
  16  0:41  Drone  
  17  0:53  Hatchery  
  16  0:57  Drone  
  17  1:10  Spawning Pool  
  16  1:14  Drone  
  16  1:17  Extractor  
  16  1:19  Drone  
  16  1:22  Drone  
  18  1:28  Drone  
  19  1:47  Overlord  
  19  1:57  Queen  
  21  2:02  Zergling x2  
  21  2:05  Queen  
  21  2:06  Zergling x2  
  21  2:08  Drone  
  26  2:20  Metabolic Boost  
  26  2:23  Drone x3  
  29  2:38  Drone x3  
  29  2:44  Overlord  
  31  3:09  Drone x7  
  38  3:14  Hatchery  
  38  3:15  Evolution Chamber  
  36  3:21  Lair  
  36  3:25  Overlord  
  36  3:32  Roach Warren  
  35  3:36  Zergling x2  
  35  3:37  Zergling x4  
  38  3:49  Extractor  
  38  3:50  Extractor  
  38  3:53  Zerg Missile Weapons Level 1  
  36  4:03  Drone  
  36  4:04  Drone x2  
  36  4:05  Drone x3  
  36  4:06  Drone x3  
  45  4:19  Overlord  
  45  4:23  Glial Reconstitution  
  45  4:29  Drone x9  
  54  4:37  Overlord  
  53  4:56  Roach x9  
  70  5:16  Drone x2  
  72  5:22  Queen, Extractor  
  72  5:24  Overlord  
  72  5:25  Drone  
  72  5:26  Overlord x3  
  74  5:29  Overseer  
  74  5:41  Queen  
  75  5:46  Roach x4  
  75  5:47  Roach x5  
  93  5:50  Zerg Missile Weapons Level 2  
  93  5:57  Overlord  
  93  5:58  Pneumatized Carapace  
  93  6:06  Drone x2  
  93  6:07  Roach x4  
  103  6:19  Roach  
  103  6:20  Roach x4  
  113  6:38  Overlord x2  
  113  6:39  Overlord  
  113  6:41  Spine Crawler  
  113  6:44  Roach, Overlord  
  113  6:45  Spine Crawler  
  113  6:47  Ravager  
  114  7:00  Drone x10  
  124  7:02  Extractor  
  124  7:06  Ravager x4  
  127  7:29  Overlord x3  
  127  7:30  Roach  
  127  7:31  Roach x7  
  143  7:44  Hatchery  
  144  7:51  Roach x6  
  144  7:57  Extractor  
  153  8:05  Roach x8  
  169  8:06  Overlord  
  169  8:07  Overlord  
  163  8:23  Ravager  
  163  8:24  Ravager x2  
  163  8:25  Ravager  
  165  8:27  Zergling x16  
  168  8:40  Roach x6  
  180  8:52  Overlord x2  
  180  8:53  Overlord x2  
  172  9:21  Hydralisk Den  
  172  9:22  Drone x3, Infestation Pit  
  173  9:34  Hatchery  
  172  9:40  Hatchery  
  166  9:51  Lurker Den  
  166  9:56  Infestation Pit, Hydralisk x11  
  166  9:57  Hydralisk x2  
  191  10:01  Zerg Ground Armor Level 1  
  191  10:03  Hive  
  191  10:05  Zergling x4  
  193  10:18  Overlord  
  193  10:27  Roach x3  
  199  11:19  Overseer x2  
  187  11:39  Muscular Augments  
  181  11:43  Lurker x5  
  186  11:47  Zergling x6  
  186  11:48  Roach x4  
  186  11:49  Roach  
  186  11:50  Zergling x2  
  168  12:27  Roach  
  168  12:28  Roach x13  
  181  12:30  Ravager x2  
  181  12:31  Ravager  
  181  12:32  Ravager  
  181  12:33  Ravager  
  181  12:34  Ravager, Roach  
  181  12:37  Queen x2  
Tags
 
Add a new tag
Caveats
  • Supply blocks, unpowered buildings, or Contaminate may cause inaccurate times.
  • Supply counts are checked every 10 seconds.